 Dungeon Crawl Stone Soup version 0.22.0-75-g3901e79 (webtiles) character file.

69 Starchild the Bolt Thrower (level 4, -1/25 HPs)
             Began as a Kobold Arcane Marksman on Sept 14, 2018.
             Slain by Jessica (4 damage)
             ... on level 2 of the Dungeon.
             The game lasted 00:04:28 (1383 turns).

Starchild the Bolt Thrower (Kobold Arcane Marksman) Turns: 1383, Time: 00:04:29

Health: -1/25      AC:  3    Str:  7    XL:     4   Next: 42%
Magic:  5/5        EV: 18    Int: 20    God:
Gold:   90         SH:  0    Dex: 15    Spells: 2/5 levels left

rFire    . . .     SeeInvis .   a - +0 hand crossbow
rCold    . . .     Gourm    .   (shield restricted)
rNeg     . . .     Faith    .   e - +0 robe
rPois    .         Spirit   .   (no helmet)
rElec    .         Reflect  .   g - +0 cloak
rCorr    .         Harm     .   (no gloves)
MR       .....                  (no boots)
Stlth    ++........             (no amulet)
HPRegen  0.08/turn              h - ring of stealth
MPRegen  0.09/turn              k - +3 ring of evasion

@: brilliant
A: small, carnivore
a: no special abilities


You were on level 2 of the Dungeon.
You were very hungry.

You visited 1 branch of the dungeon, and saw 2 of its levels.

You collected 90 gold pieces.

Inventory:

Hand Weapons
 a - a +0 hand crossbow (weapon)
 c - a +2 dagger of speed
Missiles
 b - 40 stones
 d - 9 bolts (quivered)
Armour
 e - a +0 robe (worn)
 g - a +0 cloak (worn)
Jewellery
 h - a ring of stealth (left hand)
 k - a +3 ring of evasion (right hand)
 l - an uncursed ring of see invisible {unknown}
Scrolls
 i - 2 scrolls of remove curse
Potions
 j - a potion of brilliance
 m - 2 potions of lignification {unknown}
Comestibles
 f - 7 rations


   Skills:
 - Level 1.1 Fighting
 + Level 5.3 Crossbows
 - Level 2.4 Dodging
 - Level 1.1 Spellcasting
 - Level 3.0 Hexes


You had 2 spell levels left.
You knew the following spells:

 Your Spells              Type           Power        Failure   Level  Hunger
a - Corona                Hex            ####...      1%          1    ##.....
b - Slow                  Hex            ####....     1%          2    ###....

Your spell library contained the following spells:

 Spells                   Type           Power        Failure   Level  Hunger
 Inner Flame              Hex/Fire       ###.....     3%          3    ####...
 Portal Projectile        Hex/Tloc       ###...       3%          3    ####...
 Cause Fear               Hex            ####......   6%          4    #####..
 Leda's Liquefaction      Hex/Erth       ###.......   11%         4    #####..


Dungeon Overview and Level Annotations

Branches:
Dungeon (2/15)

Altars:
Hepliaklqana
Nemelex Xobeh
Sif Muna

Annotations:
D:2 Jessica


Innate Abilities, Weirdness & Mutations

You are small and have problems with some larger weapons.
You are carnivorous and can eat meat at any time.


Message History

Jessica gestures at you while chanting. Pain shoots through your body!
* * * LOW HITPOINT WARNING * * *
The gnoll completely misses you.
Firing (i - inventory. (/) - cycle)
d - 11 bolts (quivered)
Press: ? - help, Shift-Dir - straight line, f/p - gnoll
Aim: a gnoll, wielding a club (heavily wounded)
You shoot a bolt. The bolt hits the gnoll!
You kill the gnoll!
Firing (i - inventory. (/) - cycle)
d - 10 bolts (quivered)
Press: ? - help, Shift-Dir - straight line, f - Jessica
Aim: Jessica, wearing a robe You shoot a bolt.
The bolt hits Jessica.
Jessica is moderately wounded.
Jessica hits you.
* * * LOW HITPOINT WARNING * * *
It was a potion of brilliance.
You feel clever all of a sudden. Jessica hits you.
You die...

#.# #.####### #.# #.#....#.
########## #@# #.#.##.#.
#......... #g# #######.#....#.
#.######## #.# #..@.g....#....
#...# #.####.#####@#.#.###
..#.# #.@.@..#..@..#.#.#
#.#.#################.#####.#.#
#.#.......(....@@)....# #.#.#
#.##################### #.#..
#.# #.### #.# .. #.# .#


You could see Jessica.

Vanquished Creatures
  3 gnolls (D:2)
  A dart slug (D:1)
  A leopard gecko (D:2)
  2 giant cockroaches
  3 goblins
  3 hobgoblins (D:1)
  5 jackals
  A quokka (D:2)
  3 ball pythons
  3 bats (D:1)
  4 frilled lizards
  3 kobolds
  5 rats
37 creatures vanquished.

Notes
Turn   | Place    | Note
-------+----------+-------------------------------------------
     0 | D:1      | Starchild the Kobold Arcane Marksman began the quest for
                  | the Orb.
     0 | D:1      | Reached XP level 1. HP: 12/12 MP: 2/2
    15 | D:1      | Reached skill level 3 in Crossbows
    16 | D:1      | Reached XP level 2. HP: 16/16 MP: 3/3
   520 | D:1      | Reached skill level 4 in Crossbows
   520 | D:1      | Reached XP level 3. HP: 20/20 MP: 4/4
   941 | D:2      | Learned a level 2 spell: Slow
   944 | D:2      | Found a hazy altar of Hepliaklqana.
   945 | D:2      | Found a sparkling altar of Nemelex Xobeh.
  1099 | D:2      | Found a deep blue altar of Sif Muna.
  1336 | D:2      | Noticed Jessica
  1340 | D:2      | Reached XP level 4. HP: 16/25 MP: 5/5
  1375 | D:2      | Reached skill level 5 in Crossbows
  1383 | D:2      | Slain by Jessica

Skill      XL: |  1  2  3  4 |
---------------+-------------+-----
Crossbows      | 3 4 5 |  5.3
Fighting       | |  1.1
Dodging        | |  2.4
Spellcasting   | |  1.1
Hexes          | |  3.0

Action                   |  1- 3 |  4- 6 || total
-------------------------+-------+-------++-------
Melee: Dagger            |    16 |       ||    16
 Fire: Hand crossbow     |    79 |     9 ||    88
  Use: Scroll            |     2 |       ||     2
       Potion            |       |     1 ||     1
Armor: Robe              |     5 |       ||     5
Dodge: Dodged            |    45 |    12 ||    57
